AoeStats
← UserIDAlreadyInUse

Fortress

509451225Analyzed
2v2 RM · 4d ago on Sep 26, 2026· 31m 48s· 4 players
Game mode
Random Map
Map size
Normal (6 player)
Population
200
Speed
Normal
Resources
Standard
Victory
Conquest
Starting age
Dark Age
Ending age
Imperial Age
RankedLock teamsTeams togetherTeam positionsShared explorationLock speedFull tech treeHidden civsTurbo modeCheats
Victory
Defeat
🇪🇸 Spanish · Spain
1310
+13
🇪🇸 Wei · Spain
1252
+15
🇲🇽 Malay · Mexico
1242
-14
🇲🇽 Malians · Mexico
1241
-14
Ryun Sakashita
0:28 Loom
8:20 Feudal Age
12:23 Castle Age
11:02 Double-Bit Axe
11:04 Horse Collar
17:52 Forging
18:44 Arson
22:03 Squires
26:06 Iron Casting
30:08 Gold Mining
UserIDAlreadyInUse
8:33 Feudal Age
12:51 Castle Age
10:44 Arson
14:10 Double-Bit Axe
14:08 Horse Collar
14:33 Scale Mail Armor
15:25 Gold Mining
19:09 Forging
19:37 Chain Mail Armor
26:29 Thumb Ring
26:21 Fletching
27:20 Bow Saw
27:31 Bloodlines
29:15 Ballistics
28:59 Husbandry
28:57 Bodkin Arrow
29:06 Padded Archer Armor
31:47 Leather Archer Armor
ryzenvelos
7:53 Feudal Age
11:48 Castle Age
9:46 Double-Bit Axe
10:17 Loom
10:19 Town Watch
10:38 Horse Collar
12:35 Wheelbarrow
12:41 Gold Mining
13:52 Husbandry
18:16 Fletching
22:24 Bloodlines
22:45 Scale Barding Armor
22:51 Forging
27:58 Iron Casting
31:32 Stone Mining
[EmPut] LucioCornelio
7:14 Feudal Age
11:05 Castle Age
9:43 Double-Bit Axe
9:40 Horse Collar
12:04 Bow Saw
12:01 Heavy Plow
16:59 Wheelbarrow
17:16 Gold Mining
18:10 Fletching
19:48 Husbandry
20:07 Bodkin Arrow
20:49 Thumb Ring
20:56 Padded Archer Armor
21:54 Ballistics
22:20 Bloodlines
25:15 Leather Archer Armor
25:43 Loom
26:20 Hand Cart
26:28 Town Watch
29:21 Imperial Age
29:06 Masonry
30:06 Bracer
31:07 Chemistry
31:00 Ring Archer Armor
31:31 Scale Barding Armor
31:36 Forging
30:49 Heavy Hei Guang Cavalry
32:45 Parthian Tactics
Connection lost

Rejoining the realm…

Still unreachable

The connection could not be restored.

Session expired

The server has moved on; the page needs a fresh start.